Map: Ultralove

Players

Lambo - Winner!

  • Race: Zerg Zerg
  • Spawn Location: 1:00

Jay

  • Race: Zerg Zerg
  • League: Master
  • Spawn Location: 7:00

VOD

Have the link to the VOD?

Description

Time

  • Played on: Oct. 8, 2025, 10:58 a.m.
  • Length: 9:05
Show
View Real Time Build Order
Export as new Build Order

Lambo Zerg - Winner!

Build Orders: Hatch First 

Get SALT Encoding   

  12  0:00  Drone  
  13  0:08  Drone  
  14  0:14  Extractor  
  14  0:15  Drone  
  15  0:35  Hatchery  
  14  0:40  Drone, Extractor  
  15  0:47  Overlord  
  15  1:01  Spawning Pool  
  14  1:05  Drone  
  14  1:08  Drone  
  16  1:11  Drone  
  16  1:16  Drone  
  18  1:25  Extractor  
  18  1:27  Drone  
  18  1:38  Drone  
  19  1:47  Drone  
  19  1:48  Queen  
  19  1:49  Queen  
  19  1:52  Drone  
  25  1:58  Drone  
  26  2:01  Overlord  
  26  2:08  Drone  
  26  2:10  Drone  
  28  2:20  Drone  
  28  2:21  Drone  
  30  2:23  Queen  
  32  2:30  Drone  
  32  2:33  Lair  
  33  2:37  Overlord  
  33  2:41  Drone  
  33  2:42  Drone  
  35  2:52  Drone  
  36  3:00  Drone x7  
  43  3:09  Drone  
  43  3:12  Overlord  
  44  3:14  Evolution Chamber  
  44  3:19  Drone x2, Extractor  
  44  3:20  Extractor x2  
  44  3:24  Roach Warren  
  41  3:32  Drone x3, Spire  
  41  3:33  Drone  
  44  3:35  Drone  
  44  3:41  Drone x3  
  48  3:43  Drone  
  48  3:45  Overlord  
  49  3:55  Zerg Missile Weapons Level 1  
  49  3:56  Overlord  
  49  3:57  Drone  
  49  4:01  Drone x2  
  52  4:05  Roach  
  54  4:10  Roach x2  
  58  4:18  Roach x3  
  58  4:22  Overlord  
  64  4:32  Overlord  
  64  4:35  Overlord  
  64  4:43  Mutalisk x3  
  69  4:45  Mutalisk  
  71  4:58  Mutalisk  
  73  5:00  Drone x6  
  73  5:03  Hatchery  
  78  5:07  Glial Reconstitution  
  78  5:10  Drone x2  
  80  5:18  Roach x2  
  80  5:20  Overseer  
  84  5:24  Drone  
  84  5:28  Evolution Chamber  
  84  5:32  Roach x4  
  92  5:38  Overlord  
  92  5:39  Overlord  
  92  5:45  Overlord  
  92  5:48  Overlord  
  92  5:53  Overlord  
  92  5:59  Drone x5  
  92  6:01  Overlord  
  97  6:04  Drone x2  
  97  6:05  Zerg Missile Weapons Level 2  
  97  6:06  Zerg Ground Armor Level 1  
  97  6:08  Extractor  
  98  6:11  Drone x2  
  98  6:16  Drone  
  101  6:19  Roach x2  
  101  6:24  Roach x3  
  111  6:30  Roach x3  
  111  6:31  Roach x2  
  121  6:33  Extractor  
  121  6:36  Roach  
  122  6:41  Overlord x2  
  122  6:43  Drone  
  123  6:48  Overlord  
  123  6:53  Drone x3  
  123  6:54  Drone  
  127  6:58  Roach x4  
  127  7:00  Ravager x4  
  139  7:03  Drone x2  
  139  7:05  Roach  
  139  7:07  Ravager x2  
  145  7:09  Hatchery, Roach  
  145  7:10  Roach  
  148  7:19  Roach x3  
  148  7:20  Roach  
  160  7:22  Roach  
  160  7:23  Roach x2  
  160  7:26  Overlord  
  160  7:28  Overlord  
  160  7:29  Overlord  
  162  7:33  Roach x2  
  166  7:39  Roach x2  
  166  7:40  Overlord  
  170  7:44  Roach  
  170  7:45  Roach x2  
  170  7:46  Ravager x3  
  183  7:51  Roach x4  
  183  7:54  Roach  
  183  7:55  Roach  
  183  7:57  Roach  
  193  8:03  Roach x3  
  193  8:05  Ravager  
  200  8:12  Overlord  
  192  8:37  Roach  
  192  8:38  Roach x4  
Show
View Real Time Build Order
Export as new Build Order

Jay Zerg 

Build Orders: Hatch First 

Get SALT Encoding   

  12  0:00  Drone  
  13  0:09  Drone  
  14  0:14  Extractor  
  14  0:15  Drone  
  15  0:22  Overlord  
  15  0:41  Drone  
  16  0:48  Hatchery  
  15  0:51  Drone  
  15  0:53  Drone  
  15  0:56  Drone  
  18  1:08  Extractor  
  17  1:11  Spawning Pool  
  17  1:14  Drone  
  17  1:17  Drone  
  18  1:26  Drone  
  19  1:38  Drone  
  20  1:48  Drone  
  21  2:00  Queen x2  
  21  2:01  Zergling x2  
  26  2:02  Overlord  
  26  2:11  Metabolic Boost  
  26  2:14  Drone x2  
  28  2:22  Drone x2  
  30  2:30  Drone  
  30  2:32  Drone  
  32  2:40  Hatchery  
  31  2:47  Drone  
  31  2:49  Baneling Nest  
  31  2:50  Overlord  
  31  2:53  Drone  
  32  3:04  Drone x3  
  34  3:12  Drone  
  35  3:14  Evolution Chamber  
  35  3:15  Drone  
  35  3:16  Drone x4  
  40  3:20  Roach Warren  
  40  3:25  Queen  
  41  3:29  Overlord  
  41  3:32  Zergling x2  
  41  3:33  Zergling x2  
  43  3:35  Zergling x2  
  43  3:40  Zerg Missile Weapons Level 1  
  44  3:44  Overlord  
  44  3:49  Zergling x6  
  44  3:51  Drone x2  
  49  3:58  Drone x4  
  49  4:02  Extractor x2  
  51  4:03  Lair  
  50  4:14  Drone x3  
  53  4:17  Drone x3  
  53  4:18  Drone  
  53  4:20  Overlord  
  57  4:24  Roach  
  57  4:29  Roach x2  
  63  4:33  Overlord  
  62  4:41  Roach  
  62  4:42  Roach x4  
  72  4:47  Overlord  
  72  4:48  Roach  
  72  4:49  Overlord  
  72  4:52  Overlord  
  71  5:03  Glial Reconstitution  
  71  5:05  Overseer  
  70  5:07  Drone x3  
  70  5:08  Drone  
  70  5:10  Roach x3, Extractor  
  79  5:24  Roach  
  79  5:25  Roach x4  
  89  5:28  Spore Crawler  
  89  5:29  Spore Crawler  
  89  5:30  Spore Crawler  
  89  5:34  Pneumatized Carapace  
  84  5:38  Drone x6  
  84  5:42  Extractor x2  
  86  5:49  Spore Crawler  
  83  5:50  Evolution Chamber  
  83  5:52  Hydralisk Den  
  73  5:59  Overlord x3  
  69  6:14  Drone x2  
  69  6:15  Drone x4, Spore Crawler  
  69  6:16  Zerg Ground Armor Level 1  
  74  6:19  Drone x2  
  75  6:28  Drone x3  
  78  6:38  Roach x4  
  86  6:42  Zerg Missile Weapons Level 2  
  86  6:45  Overlord  
  86  6:48  Roach  
  86  6:49  Roach x3  
  94  6:56  Roach  
  94  6:57  Tunneling Claws  
  94  6:58  Overlord x2  
  96  7:07  Roach x4  
  103  7:22  Drone x2  
  103  7:26  Roach x5  
  113  7:31  Roach  
  113  7:34  Overseer  
  115  7:38  Roach x2  
  115  7:40  Overlord  
  119  7:50  Roach  
  121  7:51  Overlord  
  121  7:52  Overlord  
  121  7:59  Roach  
  121  8:03  Roach x3  
  121  8:04  Ravager  
  130  8:16  Roach x7  
  144  8:24  Roach  
  140  8:31  Roach x5  
  138  8:38  Roach  
  138  8:39  Roach x6  
  138  8:44  Roach  
Tags
 
League
Master
Matchup
ZvZ
Player
Lambo
Race
Zerg
Spawn Locations
Cross Positions
Add a new tag
Caveats
  • Supply blocks, unpowered buildings, or Contaminate may cause inaccurate times.
  • Supply counts are checked every 10 seconds.